 Dungeon Crawl Stone Soup version 0.25-a0-185-g6cfeca75b2 (webtiles) character file.

Game seed: 9712305701141848133, levelgen mode: deterministic

426 vurker the Gusty (level 6, -11/35 HPs)
             Began as a Tengu Air Elementalist on Nov 27, 2019.
             Splashed by Pikel's acid (17 damage)
             ... on level 4 of the Dungeon.
             The game lasted 00:07:12 (5305 turns).

vurker the Gusty (Tengu Air Elementalist)           Turns: 5305, Time: 00:07:13

Health: -11/35     AC:  3    Str:  9    XL:     6   Next: 97%
Magic:  7/12       EV: 15    Int: 17    God:
Gold:   259        SH:  0    Dex: 14    Spells: 2/12 levels left

rFire    + . .     SeeInvis .   h - +0 dagger
rCold    . . .     Gourm    .   (no shield)
rNeg     . . .     Faith    .   a - +0 robe
rPois    .         Spirit   .   (helmet restricted)
rElec    .         Reflect  .   q - +0 cloak
rCorr    .         Harm     .   (no gloves)
MR       .....                  (boots unavailable)
Stlth    ++........             b - amulet of the acrobat
HPRegen  0.11/turn              m - ring of protection from fire
MPRegen  0.13/turn              p - ring of wizardry

@: flying quickly and evasively, quick
A: beak, talons 3, able to fly
a: Stop Flying


You were on level 4 of the Dungeon.
You were not hungry.

You visited 1 branch of the dungeon, and saw 4 of its levels.

You collected 259 gold pieces.

Inventory:

Hand Weapons
 h - a +0 dagger (weapon)
   (You took it off a goblin on level 1 of the Dungeon)
Armour
 a - a +0 robe (worn)
 q - a +0 cloak (worn)
   (You found it on level 2 of the Dungeon)
 u - the +10 chain mail of New Discoveries {rF+ rCorr Dex-3 Slay+3, unknown}
   (You found it on level 4 of the Dungeon)

   It affects your dexterity (-3).
   It affects your accuracy and damage with ranged weapons and melee attacks
   (+3).
   It protects you from fire.
   It provides partial protection from all sources of acid and corrosion.
 v - a +1 leather armour of cold resistance
   (You took it off Edmund on level 4 of the Dungeon)
Jewellery
 b - an amulet of the acrobat (around neck)
   (You found it on level 1 of the Dungeon)
 i - an uncursed ring of stealth {unknown}
   (You found it on level 4 of the Dungeon)
 m - a ring of protection from fire (left hand)
   (You found it on level 1 of the Dungeon)
 p - a ring of wizardry (right hand)
   (You found it on level 2 of the Dungeon)
 x - an uncursed ring of positive energy {unknown}
   (You found it on level 4 of the Dungeon)
Scrolls
 c - a scroll of identify {unknown}
 d - a scroll of fear {unknown}
 j - a scroll of blinking {unknown}
 k - 3 scrolls of teleportation {unknown}
 n - 2 scrolls of magic mapping {unknown}
 s - 2 scrolls of enchant armour {unknown}
 t - a scroll of enchant weapon {unknown}
 y - a scroll of fog {unknown}
Potions
 f - 2 potions of haste {unknown}
 g - a potion of mutation {unknown}
 l - a potion of lignification {unknown}
 o - 2 potions of curing {unknown}
 r - a potion of berserk rage {unknown}
 w - a potion of brilliance {unknown}
Comestibles
 e - 3 rations


   Skills:
 + Level 2.2 Fighting
 - Level 2.1 Dodging
 - Level 2.0 Stealth
 * Level 3.9 Spellcasting
 * Level 4.9 Conjurations
 * Level 6.2 Air Magic


You had 2 spell levels left.
You knew the following spells:

 Your Spells              Type           Power        Failure   Level  Hunger
a - Shock                 Conj/Air       ###.         1%          1    None
b - Lightning Bolt        Conj/Air       ###.......   17%         5    ######.
c - Airstrike             Air            ###.......   4%          4    ####...

Your spell library contained the following spells:

 Spells                   Type           Power        Failure   Level  Hunger
 Swiftness                Chrm/Air       ##......     2%          2    ##.....
 Static Discharge         Conj/Air       ###.....     1%          3    ###....


Dungeon Overview and Level Annotations

Branches:
Dungeon (4/15)
 Temple: D:4-7

Altars:
Okawaru
Trog
Xom

Annotations:
D:3 3 runed translucent doors, grouchysmurf's ghost, amateur OgFi
D:4 3 runed translucent doors, Pikel


Innate Abilities, Weirdness & Mutations

You have a beak for a mouth.
You have claws for feet.
You can fly continuously.


Message History

The slave is too close now for your liking.
Aim: a slave (hasn't noticed you)
The zap hits the slave!
You hear a shout!
Aim: a slave (moderately wounded)
The zap hits the slave. x2
There is a stone staircase leading up, spattered with blood here.
You fly upwards.
Level annotation: 3 runed translucent doors, grouchysmurf's ghost, amateur OgFi
There is a stone staircase leading down here.
You eat one of the 4 rations.
That ration really hit the spot!
There is a stone staircase leading down here.
You start resting.
You fly downwards.
Level annotation: 3 runed translucent doors, Pikel
There is a stone staircase leading up here.
Found 14 gold pieces.
You now have 259 gold pieces (gained 14).
The orc wizard is too close now for your liking.
Aim: an orc wizard, wielding a +0 dagger and wearing a +0 robe (hasn't noticed you)
The zap hits the orc wizard.
The orc wizard shouts!
You hear a shout!
Aim: an orc wizard, wielding a +0 dagger and wearing a +0 robe (lightly wounded)
The zap hits the orc wizard but does no damage.
Aim: an orc wizard, wielding a +0 dagger and wearing a +0 robe (lightly wounded)
The zap hits the orc wizard.
The orc wizard casts a spell at you. The magic dart hits you!
The orc wizard casts a spell.
The orc wizard blinks!
There is a stone staircase leading up here.
You can't see any susceptible monsters within range! (Use Z to cast anyway.)
Aim: Pikel, wielding a +2 whip of electrocution, wearing a +0 robe and carrying a wand of acid (8)
The zap misses Pikel.
Aim: Pikel, wielding a +2 whip of electrocution, wearing a +0 robe and carrying a wand of acid (8)
The zap hits Pikel.
Aim: Pikel, wielding a +2 whip of electrocution, wearing a +0 robe and carrying a wand of acid (8) (lightly wounded)
The zap hits Pikel!
Pikel zaps a wand.
The bolt of acid misses you.
Aim: Pikel, wielding a +2 whip of electrocution, wearing a +0 robe and carrying a wand of acid (7) (moderately wounded)
The zap hits Pikel.
The orc wizard mumbles some strange words.
The orc wizard blinks!
Pikel zaps a wand.
The bolt of acid hits you!!
Ouch! That really hurt!
* * * LOW HITPOINT WARNING * * *
You are splashed with acid!
You die...

#..........#......##.#
#################....#
###..## ## #...##
...#### #####....
....## #.....[..
###..####.###...#
####..K.o.o..###...#
#..@.###............
#...## ##########ยง..
###.. #..... ####
#..##.. #.......#
###...... #####.. #.#
...


You could see Pikel, an orc wizard and an orc.

Vanquished Creatures
  Edmund (D:4)
  2 slaves
  An ogre (D:4)
  A bullfrog skeleton (D:4)
  A worker ant (D:4)
  9 adders
  3 oozes
  3 worms
  A dart slug (D:1)
  2 leopard geckos
  10 bats
  6 giant cockroaches
  8 goblins
  11 hobgoblins
  5 jackals (D:3)
  2 quokkas
  4 frilled lizards
  6 kobolds
  A leopard gecko skeleton (D:4)
  3 rats
80 creatures vanquished.

Vanquished Creatures (others)
  3 fungi (D:3)
  A plant (D:3)
4 creatures vanquished.

Grand Total: 84 creatures vanquished

Notes
Turn   | Place    | Note
-------+----------+-------------------------------------------
     0 | D:1      | vurker the Tengu Air Elementalist began the quest for the
                  | Orb.
     0 | D:1      | Reached XP level 1. HP: 10/10 MP: 4/4
   109 | D:1      | Reached XP level 2. HP: 5/16 MP: 0/6
   815 | D:1      | Reached XP level 3. HP: 20/20 MP: 2/7
  1961 | D:2      | Reached skill level 1 in Fighting
  1984 | D:2      | Reached XP level 4. HP: 25/25 MP: 3/8
  2349 | D:2      | Found a bloodstained altar of Trog.
  2537 | D:2      | Reached skill level 5 in Air Magic
  3032 | D:3      | Gained mutation: You can fly continuously. [Tengu growth]
  3032 | D:3      | Reached XP level 5. HP: 24/29 MP: 1/10
  3660 | D:3      | Learned a level 5 spell: Lightning Bolt
  3665 | D:3      | Learned a level 4 spell: Airstrike
  3751 | D:3      | Found a runed translucent gate.
  3758 | D:3      | Noticed a big kobold
  3760 | D:3      | Found a runed translucent gate.
  3760 | D:3      | Noticed a big kobold
  3761 | D:3      | Found a runed translucent gate.
  3761 | D:3      | Noticed grouchysmurf's ghost (amateur OgFi)
  3787 | D:3      | Found an iron altar of Okawaru.
  4119 | D:4      | Found a shimmering altar of Xom.
  4151 | D:4      | Noticed a slave
  4152 | D:4      | Noticed a slave
  4152 | D:4      | Noticed a slave
  4152 | D:4      | Noticed Pikel
  4173 | D:3      | Killed a slave
  4624 | D:4      | Found a runed translucent gate.
  4624 | D:4      | Found a runed translucent gate.
  4624 | D:4      | Found a runed translucent gate.
  4675 | D:4      | Noticed a slave
  4712 | D:4      | Reached XP level 6. HP: 35/35 MP: 9/12
  4757 | D:4      | Got a crude chain mail
  4787 | D:4      | Noticed Edmund
  4881 | D:4      | Killed Edmund
  4881 | D:4      | Reached skill level 6 in Air Magic
  5177 | D:4      | Killed a slave
  5305 | D:4      | Splashed by Pikel's acid

Levels and vault maps discovered:
D:1:      dpeg_arrival_line_fractal, layout_basic, hangedman_decor_points,
          minmay_pentomino_o4
D:2:      layout_basic, hex_intersection, bloody_trog
D:3:      layout_rooms, gammafunk_ghost_nasty_kobolds, okawaru_gym_becter
D:4:      layout_rooms, nicolae_overflow_hidden_temple, first_ration,
          enter_ossuary_5, portal_sewer_entry_b, gammafunk_ghost_necromancy,
          serial_bayou_pond_d, hangedman_glass_teeth, uniq_pikel, uniq_edmund

Skill      XL: |  1  2  3  4  5  6 |
---------------+-------------------+-----
Conjurations   | 2 3 4 |  4.9
Fighting       | 1 2 |  2.2
Air Magic      | 5 6 |  6.2
Spellcasting   | 3 |  3.9
Dodging        | |  2.1
Stealth        | |  2.0

Action                   |  1- 3 |  4- 6 || total
-------------------------+-------+-------++-------
Melee: Unarmed           |     6 |       ||     6
       Peck              |     3 |     2 ||     5
       Kick              |     1 |     6 ||     7
       Dagger            |    10 |    25 ||    35
 Cast: Shock             |    75 |   141 ||   216
       Airstrike         |       |     4 ||     4
 Abil: Fly               |       |     1 ||     1
  Eat: Chunk             |     4 |     6 ||    10
       Ration            |       |     2 ||     2
Armor: Robe              |     6 |    13 ||    19
Dodge: Dodged            |    19 |    47 ||    66

Table legend:
 A = Non-vault XP
 B = Vault XP
 C = Vault XP percentage of total XP
 D = Non-vault monster count
 E = Vault monster count
 F = Vault count percentage of total count
                 A         B        C        D         E       F
            +---------+---------+-------+---------+---------+-------
      Total |     442 |     167 |  27.4 |      74 |       4 |   5.1
            +---------+---------+-------+---------+---------+-------
        D:1 |      48 |       5 |   9.4 |      21 |       3 |  12.5
        D:2 |     112 |       0 |   0.0 |      27 |       0 |   0.0
        D:3 |      73 |       0 |   0.0 |      19 |       0 |   0.0
        D:4 |     209 |     162 |  43.7 |       7 |       1 |  12.5
            +---------+---------+-------+---------+---------+-------
